 Dungeon Crawl Stone Soup version 0.30.1 (webtiles) character file.

Game seed: 16976985883060105367

83428 Kranky the Warrior (level 15, -19/141 HPs)
             Began as a Minotaur Berserker on July 10, 2023.
             Was the Champion of Trog.
             Demolished by an ettin
             ... wielding a +0 dire flail
              (35 damage)
             ... on level 12 of the Dungeon.
             The game lasted 00:57:02 (25437 turns).

Kranky the Warrior (Minotaur Berserker)            Turns: 25437, Time: 00:57:03

Health: -19/141    AC: 15    Str: 29    XL:     15   Next: 32%
Magic:  14/14      EV: 15    Int:  4    God:    Trog [******]
Gold:   2203       SH: 19    Dex: 10    Spells: 14/14 levels left

rFire   . . .        f - +4 demon trident (venom)
rCold   . . .        k - +9 kite shield of Eternal Night {rN+}
rNeg    + . .        y - +3 ring mail
rPois   +            D - +2 hat
rElec   .            Q - scarf {shadows}
rCorr   .            (no gloves)
SInv    .            a - +0 pair of boots of the Abyss {rPois Will+ Stlth+}
Will    ++++.        (no amulet)
Stlth   +            w - ring of willpower
HPRegen 0.43/turn    L - ring of willpower
MPRegen 0.14/turn

%: no passive effects
@: no status effects
A: horns 2, retaliatory headbutt
a: Renounce Religion, Berserk, Trog's Hand, Brothers in Arms


You were on level 12 of the Dungeon.
You worshipped Trog.
Trog was exalted by your worship.
You visited 4 branches of the dungeon, and saw 21 of its levels.
You also visited: Bailey.

You collected 2356 gold pieces.
You spent 153 gold pieces at shops.

Inventory:

Hand Weapons
 f - a +4 demon trident of venom (weapon)
 z - the +10 trident of the Nurturing Gods {flame, rF+ Int+3}
   (You found it on level 1 of the Swamp)

   Int:       It affects your intelligence (+3).
   rF:        It protects you from fire.
 W - the +8 quarterstaff "Cenkefiu" {elec, rF++}
   (You found it on level 2 of the Lair of Beasts)

   rF:        It greatly protects you from fire.
Missiles
 b - 7 throwing nets
 p - 7 boomerangs of dispersal (quivered)
Armour
 a - the +0 pair of boots of the Abyss (worn) {rPois Will+ Stlth+}
   (You found it on level 3 of the Lair of Beasts)

   rPois:     It protects you from poison.
   Will:      It increases your willpower.
   Stlth:     It makes you more stealthy.
 k - the +9 kite shield of Eternal Night (worn) {rN+}
   (You acquired it on level 5 of the Lair of Beasts)

   rN:        It protects you from negative energy.
 y - a +3 ring mail (worn)
 D - a +2 hat (worn)
 Q - a scarf of shadows (worn)
Jewellery
 q - the ring "Miadyu" {rPois Will+ Str-5 Dex+3}
   (You found it on level 5 of the Lair of Beasts)

   [ring of poison resistance]

   Str:       It affects your strength (-5).
   Dex:       It affects your dexterity (+3).
   rPois:     It protects you from poison.
   Will:      It increases your willpower.
 w - a ring of willpower (left hand)
 x - a ring of resist corrosion
 C - a ring of ice
 L - a ring of willpower (right hand)
 Y - a ring of fire
Wands
 h - a wand of mindburst (29)
 u - a wand of digging (2)
 v - a wand of quicksilver (6)
 B - a wand of paralysis (20)
 F - a wand of polymorph (20)
 G - a wand of flame (47)
 O - a wand of roots (9)
Scrolls
 g - a scroll of blinking
 i - 3 scrolls of immolation
 j - 9 scrolls of teleportation
 l - 3 scrolls of magic mapping
 n - 3 scrolls of poison
 r - a scroll of enchant armour
 H - a scroll of fog
 I - a scroll of silence
 N - 4 scrolls of fear
 X - a scroll of summoning
Potions
 c - 4 potions of resistance
 d - 4 potions of mutation
 e - 3 potions of magic
 m - 5 potions of heal wounds
 o - 2 potions of haste
 s - 5 potions of flight
 t - 6 potions of might
 A - 3 potions of invisibility
 E - 7 potions of curing
 P - a potion of lignification
 U - 3 potions of attraction
 V - 2 potions of ambrosia
Miscellaneous
 Z - a piece from Xom's chessboard (15/15)


   Skills:
 + Level 15.2 Fighting
 - Level 14.3 Polearms
 + Level 15.1 Armour
 + Level 13.8 Dodging
 + Level 10.2 Shields
 + Level 9.5 Evocations


You had 14 spell levels left.
You didn't know any spells.
Your spell library was empty.

Dungeon Overview and Level Annotations

Branches:
Dungeon (12/15)            Temple (0/1) D:5            Lair (5/5) D:11
  Swamp (2/4) Lair:3        Snake (0/4) Lair:3        Slime (0/5) Lair:5
    Orc (2/2) D:11            Elf (0/3) Orc:2        Bailey (visited)

Altars:
Kikubaaqudgha
Makhleb
Sif Muna
Wu Jian
Jiyva

Shops:
D:1 !   D:3 *   D:7 :   Orc:1 =   Orc:2 ([*:


Innate Abilities, Weirdness & Mutations

You have a pair of horns on your head.
You reflexively headbutt those who attack you in melee.


Message History

You block the phantasmal warrior's attack.
You hit the phantasmal warrior but do no damage.
The phantasmal warrior is heavily damaged.
You hit the phantasmal warrior.
Your headbutt misses the phantasmal warrior.
The phantasmal warrior is heavily damaged.
You block the phantasmal warrior's attack.
You puncture the phantasmal warrior!
The phantasmal warrior is severely damaged.
You puncture the phantasmal warrior! You headbutt the phantasmal warrior.
You destroy the phantasmal warrior!
Trog accepts your kill.
You impale the kobold demonologist!!
The kobold demonologist is almost dead.
You hear two shouts!
The kobold demonologist mumbles some strange words.
You hit the kobold demonologist.
You kill the kobold demonologist!
Trog accepts your kill.
Trog appreciates your killing of a magic user.
The quasit disappears in a puff of smoke!
You start resting.
An ettin comes into view. It is wielding two +0 dire flails.
You barely miss the ettin. You headbutt the ettin!
The ettin is moderately wounded.
The ettin closely misses you. You block the ettin's attack.
You puncture the ettin!
The ettin is poisoned.
The ettin is moderately wounded.
The ettin closely misses you. You block the ettin's attack.
You puncture the ettin!
The ettin is heavily wounded.
The ettin hits you with a +0 dire flail!!
* * * LOW HITPOINT WARNING * * *
You block the ettin's attack.
You impale the ettin!!
The ettin looks as sick as possible!
The ettin is almost dead.
You hit the ettin.
The ettin looks as sick as possible!
The ettin is almost dead.
The ettin hits you with a +0 dire flail!!
You die...

###############
#....#.#.#....#
#.....#C#...C.#
#....#@#.#
#.††..#.#.....#
###..#####.....
#..### .$!$.
###..# K⌠[.
#..### (!$.
###..# ...
#..### ###..#


You could see an ettin (extremely poisoned).

Vanquished Creatures
  2 thorn hunters (Swamp:1)
  A frost giant (D:12)
  An orc warlord (D:11)
  2 eleionomae (Swamp:1)
  3 bunyips (Swamp:1)
  Josephine (Lair:5)
  Harold (Lair:1)
  3 hydras
  2 catoblepae
  7 two-headed ogres
  Erica (D:9)
  A deep troll shaman (Lair:5)
  3 alligators (Swamp:1)
  11 death yaks
  3 boulder beetles
  Urug (Lair:1)
  An orc high priest (Orc:2)
  4 skysharks
  Amaemon (Lair:1)
  A goliath frog (Swamp:1)
  2 spriggan druids (Swamp:1)
  2 bog bodies
  A phantasmal warrior (D:12)
  A lindwurm (Lair:5)
  3 orc knights
  A deep elf pyromancer (D:12)
  2 manticores (D:12)
  5 orc sorcerers
  An ugly thing (D:12)
  A cyclops (D:11)
  15 elephants
  Joseph (D:9)
  Maurice (D:8)
  5 cane toads
  A torpor snail (Lair:4)
  5 black mambas
  An orange demon (Lair:1)
  2 kobold demonologists
  3 rime drakes
  4 komodo dragons
  4 polar bears
  10 trolls
  A tyrant leech (Swamp:1)
  13 blink frogs
  Prince Ribbit (D:7)
  8 dream sheep (Lair:4)
  Sigmund (D:6)
  2 shadows
  4 wraiths
  3 spriggans (Swamp:1)
  3 wyverns
  43 yaks
  A steam dragon (D:8)
  A basilisk (Lair:1)
  2 vampire mosquitoes (D:12)
  Menkaure (D:5)
  3 nagas (Lair:3)
  6 swamp worms (Swamp:1)
  5 wargs
  8 water moccasins
  A swamp drake (Swamp:1)
  33 orc warriors
  2 ice beasts
  4 black bears
  20 wolves
  11 ogres
  2 centaurs
  Blork the orc (D:4)
  7 kobold brigands
  5 phantoms
  9 bullfrogs
  5 gnoll sergeants
  2 scorpions
  10 wights
  14 killer bees
  5 howler monkeys
  An electric eel (Lair:1)
  19 orc priests
  A sleepcap (D:5)
  3 gnoll boudas
  2 hounds
  3 iguanas
  Terence (D:2)
  12 orc wizards
  5 hell rats (Lair:3)
  Robin (D:2)
  30 gnolls
  7 adders
  A shadow imp (D:7)
  3 ufetubi
  2 worms (D:2)
  97 orcs
  9 bats
  7 endoplasms
  3 giant cockroaches
  8 hobgoblins
  4 jackals (D:2)
  A quokka (D:2)
  11 ball pythons
  9 frilled lizards
  26 goblins
  17 kobolds
  5 rats
646 creatures vanquished.

Vanquished Creatures (collateral kills)
  2 death yaks (D:11)
  2 orc knights
  A cane toad (Lair:4)
  4 blink frogs (Lair:4)
  An acid dragon (D:11)
  An orc warrior (D:11)
  A gnoll (Bailey)
  5 orcs
17 creatures vanquished.

Vanquished Creatures (others)
  A gnoll (D:8)
1 creature vanquished.

Grand Total: 664 creatures vanquished

Notes
Turn   | Place    | Note
-------+----------+-------------------------------------------
     0 | D:1      | Kranky the Minotaur Berserker began the quest for the Orb.
     0 | D:1      | Reached XP level 1. HP: 19/19 MP: 0/0
    81 | D:1      | Reached XP level 2. HP: 13/27 MP: 1/1
   243 | D:1      | Reached XP level 3. HP: 33/33 MP: 2/2
   302 | D:1      | Found Uhen's Distillery.
   322 | D:1      | Reached ** piety under Trog
   804 | D:2      | Noticed an ogre
   814 | D:2      | Killed an ogre
   815 | D:2      | Reached XP level 4. HP: 15/41 MP: 3/3
   926 | D:2      | Noticed Robin
   993 | D:2      | Reached XP level 5. HP: 47/47 MP: 4/4
  1057 | D:2      | Killed Robin
  1129 | D:2      | Noticed Terence
  1153 | D:2      | Killed Terence
  1542 | D:2      | Reached *** piety under Trog
  1955 | D:3      | Found Ukuf's Assorted Antiques.
  2571 | D:3      | Reached skill level 5 in Fighting
  2900 | D:3      | Bought a green potion for 19 gold pieces
  2900 | D:3      | Bought a scroll labelled BEGEAL GIPRA for 22 gold pieces
  3044 | D:4      | Noticed Blork the orc
  3056 | D:4      | Killed Blork the orc
  3057 | D:4      | Reached skill level 5 in Polearms
  3057 | D:4      | Reached XP level 6. HP: 36/56 MP: 5/5
  3913 | D:5      | Entered Level 5 of the Dungeon
  3939 | D:4      | Reached skill level 5 in Armour
  3939 | D:4      | Reached skill level 1 in Shields
  3939 | D:4      | Reached XP level 7. HP: 16/62 MP: 6/6
  4351 | D:5      | Found a staircase to the Ecumenical Temple.
  4373 | D:5      | Reached **** piety under Trog
  4374 | D:5      | Reached skill level 5 in Dodging
  4508 | D:5      | Noticed Menkaure
  4513 | D:5      | Killed Menkaure
  4514 | D:5      | Reached XP level 8. HP: 71/71 MP: 7/7
  4596 | D:5      | Found an ornate altar of the Wu Jian Council.
  4662 | D:5      | Found an ancient bone altar of Kikubaaqudgha.
  4859 | D:6      | Found a burning altar of Makhleb.
  5186 | D:6      | Noticed Sigmund
  5235 | D:6      | Killed Sigmund
  5515 | D:7      | Found Ducw's Book Boutique.
  5542 | D:7      | Reached XP level 9. HP: 69/79 MP: 8/8
  5606 | D:7      | Reached skill level 5 in Shields
  5850 | D:7      | Found a shimmering blue altar of Sif Muna.
  5941 | D:7      | Noticed Prince Ribbit
  5961 | D:7      | Killed Prince Ribbit
  6415 | D:8      | Reached ***** piety under Trog
  6515 | D:8      | Noticed a two-headed ogre
  6744 | D:8      | Killed a two-headed ogre
  6745 | D:8      | Reached XP level 10. HP: 28/90 MP: 9/9
  7191 | D:8      | Noticed Maurice
  7215 | D:8      | Killed Maurice
  8017 | D:9      | Found a flagged portal.
  8049 | Bailey   | Entered a bailey
  8241 | Bailey   | Noticed an orc knight
  8255 | Bailey   | Killed an orc knight
  8533 | D:9      | Reached skill level 1 in Evocations
  8651 | D:9      | Noticed a two-headed ogre
  8658 | D:9      | Killed a two-headed ogre
  8808 | D:9      | Noticed Erica
  8823 | D:9      | Killed Erica
  8824 | D:9      | Reached skill level 10 in Fighting
  8899 | D:9      | Noticed Joseph
  8917 | D:9      | Killed Joseph
  8918 | D:9      | Reached XP level 11. HP: 83/99 MP: 10/10
  9333 | D:10     | Entered Level 10 of the Dungeon
  9376 | D:10     | Reached skill level 10 in Polearms
  9504 | D:10     | Noticed a two-headed ogre
  9513 | D:10     | Killed a two-headed ogre
  9931 | D:10     | Received a gift from Trog
 10477 | D:11     | Noticed an orc knight
 10501 | D:11     | Killed an orc knight
 10502 | D:11     | Reached skill level 10 in Armour
 10627 | D:11     | Found a staircase to the Lair.
 10627 | D:11     | Noticed a death yak
 10627 | D:11     | Noticed a death yak
 10628 | D:11     | Noticed a death yak
 10719 | D:11     | Killed a death yak
 10736 | D:11     | Killed a death yak
 10884 | D:11     | Noticed a death yak
 10884 | D:11     | Noticed a death yak
 10884 | D:11     | Noticed a death yak
 10884 | D:11     | Noticed a death yak
 10885 | D:11     | Noticed a death yak
 10922 | D:11     | Killed a death yak
 10943 | D:11     | Killed a death yak
 10948 | D:11     | Killed a death yak
 11106 | D:11     | Noticed a death yak
 11143 | D:11     | Killed a death yak
 11160 | D:11     | Killed a death yak
 11161 | D:11     | Reached XP level 12. HP: 42/110 MP: 11/11
 11166 | D:11     | Killed a death yak
 11178 | D:11     | Killed a death yak
 11393 | D:11     | Found a staircase to the Orcish Mines.
 11410 | D:11     | Reached skill level 10 in Dodging
 11568 | D:11     | Noticed a two-headed ogre
 11580 | D:11     | Killed a two-headed ogre
 11745 | D:11     | Noticed a two-headed ogre
 11753 | D:11     | Killed a two-headed ogre
 11994 | D:11     | Reached skill level 10 in Shields
 12317 | Lair:1   | Entered Level 1 of the Lair of Beasts
 12383 | Lair:1   | Noticed Harold
 12398 | Lair:1   | Killed Harold
 12399 | Lair:1   | Reached skill level 5 in Evocations
 12467 | Lair:1   | Noticed Amaemon
 12493 | Lair:1   | Killed Amaemon
 12886 | Lair:1   | Noticed Urug
 12907 | Lair:1   | Killed Urug
 13133 | Lair:1   | Noticed a catoblepas
 13147 | Lair:1   | Killed a catoblepas
 13917 | Lair:2   | Identified the +8 quarterstaff "Cenkefiu" {elec, rF++}
 14645 | Lair:3   | Noticed a four-headed hydra
 14650 | Lair:3   | Killed a four-headed hydra
 14711 | Lair:3   | Reached XP level 13. HP: 48/118 MP: 12/12
 14930 | Lair:3   | Identified the +0 leather armour of Vaxt {rElec}
 14990 | Lair:3   | Identified the +0 leather armour of Limited Liability
                  | {Will+}
 14991 | Lair:3   | Found a staircase to the Swamp.
 15053 | Lair:3   | Identified the +0 pair of boots of the Abyss {rPois Will+
                  | Stlth+}
 15106 | Lair:3   | Found a staircase to the Snake Pit.
 15962 | Lair:3   | Received a gift from Trog
 18139 | Lair:5   | Entered Level 5 of the Lair of Beasts
 18338 | Lair:5   | Found a staircase to the Slime Pits.
 18340 | Lair:5   | Found a viscous altar of Jiyva.
 18408 | Lair:5   | Identified the +2 spear of the Feather {flame, rC+ rN+
                  | Int-2 Dex+2} (Trog gifted it to you on level 5 of the Lair
                  | of Beasts)
 18408 | Lair:5   | Received a gift from Trog
 18427 | Lair:5   | Reached XP level 14. HP: 115/129 MP: 13/13
 18470 | Lair:5   | Noticed Josephine
 18480 | Lair:5   | Killed Josephine
 20343 | Lair:5   | Identified the ring "Miadyu" {rPois Will+ Str-5 Dex+3}
 20356 | Lair:5   | Identified a scroll of acquirement
 20356 | Lair:5   | Acquired the +9 kite shield of Eternal Night {rN+}
 20676 | Orc:1    | Entered Level 1 of the Orcish Mines
 20744 | Orc:1    | Found Pobanlenk's Jewellery Emporium.
 20873 | Orc:2    | Entered Level 2 of the Orcish Mines
 20878 | Orc:2    | Noticed an orc warlord
 21231 | D:11     | Killed an orc warlord
 21666 | Orc:2    | Found Rafamin's Antique Weapon Boutique.
 21795 | Orc:2    | Found Moeshregh's Antique Armour Shop.
 21806 | Orc:2    | Found a staircase to the Elven Halls.
 22189 | Orc:1    | Received a gift from Trog
 22686 | Orc:2    | Found Jacle's Book Emporium.
 22735 | Orc:2    | Found Osi Xogh's General Store.
 23052 | Orc:2    | Bought a scroll of enchant weapon for 112 gold pieces
 23230 | Swamp:1  | Entered Level 1 of the Swamp
 23599 | Swamp:1  | Noticed a thorn hunter
 23624 | Swamp:1  | Killed a thorn hunter
 23679 | Swamp:1  | Identified the +10 trident of the Nurturing Gods {flame,
                  | rF+ Int+3}
 23738 | Swamp:1  | Reached XP level 15. HP: 139/139 MP: 14/14
 23757 | Swamp:1  | Noticed a thorn hunter
 23771 | Swamp:1  | Killed a thorn hunter
 24059 | Swamp:1  | Identified the +2 rapier of Cheibriados's Regard {distort,
                  | rN+++ MP-9 Int+4}
 24080 | Swamp:1  | Reached skill level 15 in Fighting
 25107 | D:12     | Received a gift from Trog
 25143 | D:12     | Reached skill level 15 in Armour
 25396 | D:12     | Reached ****** piety under Trog
 25401 | D:12     | Noticed a frost giant
 25415 | D:12     | Killed a frost giant
 25437 | D:12     | Demolished by an ettin

Illustrated notes

Levels and vault maps discovered:
D:1:      minmay_arrival_open_corners, layout_basic, serial_shops, shop
D:2:      layout_basic, minmay_lizard_king, uniq_terence, uniq_robin
D:3:      layout_loops_corners, serial_bayou, serial_bayou_lake_a,
          serial_bayou_crossing, serial_bayou_shore_a, serial_bayou_pond_e,
          serial_shops, nicolae_shop_tiny_glass
D:4:      layout_basic, uniq_blork_the_orc
D:5:      layout_cave_pools, mainiacjoe_overflow_small_starburst,
          nzn_wu_jian_contemplation, minmay_temple_entry_trees, uniq_menkaure
D:6:      layout_cave_pools, bloody_makhleb, uniq_sigmund
D:7:      layout_basic, led_sif_book, serial_shops, shop, uniq_prince_ribbit1
D:8:      layout_loops_ring, special_room [special_room_orc], uniq_maurice
D:9:      layout_long_grid, enter_bailey_3, uniq_joseph, uniq_erica
D:10:     nicolae_cairo_tiling_large_dashed, layout_basic, minmay_circle_x
D:11:     layout_roguey, dpeg_lair_monsters,
          kennysheep_orc_monster_closet_entryway
D:12:     minmay_textured_paths, layout_loops_corners
Lair:1:   layout_regular_city, chequers_serial_rivers_micro_d,
          grunt_megastairs_2, infiniplex_staircase_pool, uniq_urug,
          uniq_amaemon, uniq_harold
Lair:2:   layout_regular_city
Lair:3:   layout_chaotic_city, swamp_mist, nicolae_snake_entry_squirm,
          serial_bayou_lagoon_a, chequers_serial_rivers_room_a
Lair:4:   layout_hall_layers, dreamdust_gnoll_shepherd, grunt_megastairs_1,
          serial_bayou_shore_b
Lair:5:   grunt_lair_end_beastmaster, layout_cave_pods, slime_entry_1,
          uniq_josephine
Swamp:1:  cheibrodos_swamp_tower_of_moss, layout_basic_swamp,
          evilmike_swamp_ruin_rubble_1
Swamp:2:  nicolae_swamp_long_stream, layout_basic_swamp,
          hangedman_swamp_ruin_wall
Orc:1:    layout_diamond_mine, serial_shops, shop, basic_altar,
          nicolae_orc_lava_tube
Orc:2:    grunt_orc_gardens, layout_diamond_mine, grunt_orc_garden,
          grunt_orc_garden, grunt_orc_garden, grunt_orc_garden

Skill      XL: |  1  2  3  4  5  6  7  8  9 10 11 12 13 14 15 |
---------------+----------------------------------------------+-----
Polearms       | 4 5 6 7 8 9 11 12 13 14 | 14.3
Fighting       | 4 5 6 7 8 10 11 12 13 14 15 | 15.2
Armour         | 3 4 5 6 8 9 10 12 13 14 15 | 15.1
Dodging        | 3 4 5 6 7 8 9 11 12 13 | 13.8
Shields        | 1 2 4 6 8 9 10 | 10.2
Evocations     | 2 4 5 7 9 |  9.5

Action                     |  1- 3 |  4- 6 |  7- 9 | 10-12 | 13-15 || total
---------------------------+-------+-------+-------+-------+-------++-------
  Melee: Spear             |    85 |   263 |   177 |       |       ||   525
         Headbutt          |     5 |    38 |    44 |   123 |   314 ||   524
         Punch             |       |     1 |       |       |       ||     1
         Trident           |       |       |   134 |   773 |  1077 ||  1984
         Demon trident     |       |       |       |       |   230 ||   230
 Invoke: Berserk           |       |     2 |     2 |     1 |     2 ||     7
         Trog's Hand       |       |       |     1 |     2 |     6 ||     9
         Brothers in Arms  |       |       |       |     4 |     1 ||     5
  Evoke: Wand              |       |       |       |       |     5 ||     5
    Use: Scroll            |       |     1 |       |    22 |    15 ||    38
         Potion            |       |       |       |       |     2 ||     2
   Stab: Distracted        |       |       |       |     1 |       ||     1
         Petrified         |       |       |       |     7 |     8 ||    15
         Sleeping          |       |       |       |       |     5 ||     5
 Armour: Animal skin       |     4 |       |       |       |       ||     4
         Plate armour      |    17 |   109 |     1 |       |       ||   127
         Ring mail         |       |       |   109 |   117 |   242 ||   468
  Dodge: Dodged            |    27 |    66 |   157 |   193 |   409 ||   852
         Repelled          |       |     2 |     1 |     1 |       ||     4
  Block: Buckler           |       |     5 |    38 |       |       ||    43
         Kite shield       |       |       |    34 |   232 |   637 ||   903
